 Dungeon Crawl Stone Soup version 0.27.1-33-g824d729ab1 (webtiles) character file.

Game seed: 9136673564376315062

98 Powertoast the Chopper (level 4, -1/41 HPs)
             Began as a Hill Orc Fighter on Dec 6, 2021.
             Slain by Crazy Yiuf (2 damage)
             ... on level 2 of the Dungeon.
             The game lasted 00:04:03 (2371 turns).

Powertoast the Chopper (Hill Orc Fighter)           Turns: 2371, Time: 00:04:03

Health: -1/41      AC: 12    Str: 19    XL:     4   Next: 71%
Magic:  4/4        EV:  5    Int:  8    God:
Gold:   71         SH:  9    Dex: 10    Spells: 3/3 levels left

rFire    . . .     SeeInvis .   a - +0 war axe
rCold    . . .     Faith    .   c - +0 kite shield
rNeg     . . .     Spirit   .   d - +2 chain mail {rPois}
rPois    +         Reflect  .   (no helmet)
rElec    .         Harm     .   (no cloak)
rCorr    .         Rampage  .   (no gloves)
Will     .....                  e - +0 pair of boots
Stlth    ..........             (no amulet)
HPRegen  0.13/turn              (no ring)
MPRegen  0.09/turn              (no ring)

@: no status effects
A: no striking features
a: no special abilities


You were on level 2 of the Dungeon.
You visited 1 branch of the dungeon, and saw 2 of its levels.

You collected 71 gold pieces.

Inventory:

Hand Weapons
 a - a +0 war axe (weapon)
Armour
 b - a +0 scale mail
 c - a +0 kite shield (worn)
 d - a +2 chain mail of poison resistance (worn)
 e - a +0 pair of boots (worn)
Scrolls
 h - a scroll of identify {unknown}
 j - a scroll of immolation {unknown}
Potions
 g - a potion of degeneration {unknown}
 i - a potion of mutation {unknown}


   Skills:
 + Level 4.6 Fighting
 - Level 5.0 Axes
 + Level 3.8 Armour
 - Level 3.2 Shields


You had 3 spell levels left.
You didn't know any spells.
Your spell library was empty.

Dungeon Overview and Level Annotations

Branches:
Dungeon (2/15)

Altars:

Annotations:
D:2 Crazy Yiuf


Message History

Crazy Yiuf is lightly wounded.
Crazy Yiuf hits you but does no damage.
You hit Crazy Yiuf.
Crazy Yiuf is lightly wounded.
Crazy Yiuf barely misses you.
Crazy Yiuf hits you with a +4 quarterstaff of chaos.
You slash Crazy Yiuf!
Crazy Yiuf is heavily wounded.
Crazy Yiuf screams, "Mountain chair pizzabubble!"
Crazy Yiuf hits you with a +4 quarterstaff of chaos.
You hit Crazy Yiuf.
Crazy Yiuf is almost dead.
Crazy Yiuf grits, "Cake!
Gum unthinkable alas."
Crazy Yiuf hits you but does no damage.
Crazy Yiuf grits, "Goldfish ena mobile!"
You block Crazy Yiuf's attack.
You closely miss Crazy Yiuf.
Crazy Yiuf is almost dead.
Crazy Yiuf hits you with a +4 quarterstaff of chaos!
Space bends around you.
Your shield and chain mail prevent you from hitting Crazy Yiuf.
Crazy Yiuf is almost dead.
You block Crazy Yiuf's attack.
Crazy Yiuf hits you with a +4 quarterstaff of chaos.
You barely miss Crazy Yiuf.
Crazy Yiuf is almost dead.
You block Crazy Yiuf's attack.
You barely miss Crazy Yiuf.
Crazy Yiuf is almost dead.
Crazy Yiuf hits you with a +4 quarterstaff of chaos!
* * * LOW HITPOINT WARNING * * *
Crazy Yiuf freezes you.
* * * LOW HITPOINT WARNING * * *
You block Crazy Yiuf's attack.
You hit Crazy Yiuf.
Crazy Yiuf is almost dead.
Crazy Yiuf hits you with a +4 quarterstaff of chaos.
* * * LOW HITPOINT WARNING * * *
Crazy Yiuf burns you.
You die...

... #.###### #g# #.#
♣♣.♣ ### ♣.♣♣ ♣♣.♣
♣.♣♣ ♣♣.♣♣ ########
############ ♣..g♣♣
#......#
#..........# ♣..@.♣
#.####.#
#.########## #....#
#.# #.# #.#
##....#######.####.#
#.######
#...............##.#
#......#
##.#...######.#.##.#
######.# #.#####
#.#.##.# #.# #.#
###.#.##.# #.# ##'##
#.><.....# #.#
##...## #.########


You could see Crazy Yiuf.

Vanquished Creatures
  Terence (D:2)
  3 adders (D:2)
  A dart slug (D:1)
  2 bats (D:1)
  4 endoplasms
  4 giant cockroaches
  2 goblins
  7 hobgoblins
  2 jackals (D:2)
  6 kobolds
  A quokka (D:2)
  3 ball pythons (D:1)
  4 frilled lizards
  3 rats
43 creatures vanquished.

Vanquished Creatures (others)
  4 toadstools (D:1)
4 creatures vanquished.

Grand Total: 47 creatures vanquished

Notes
Turn   | Place    | Note
-------+----------+-------------------------------------------
     0 | D:1      | Powertoast the Hill Orc Fighter began the quest for the
                  | Orb.
     0 | D:1      | Reached XP level 1. HP: 19/19 MP: 1/1
    15 | D:1      | Reached skill level 3 in Axes
    60 | D:1      | Reached XP level 2. HP: 26/26 MP: 2/2
   283 | D:1      | Reached skill level 4 in Axes
   737 | D:1      | Reached XP level 3. HP: 31/31 MP: 3/3
   874 | D:2      | Found a runed translucent door.
   875 | D:2      | Noticed Crazy Yiuf
   989 | D:2      | Noticed Terence
   999 | D:2      | Killed Terence
  1000 | D:2      | Reached skill level 5 in Axes
  1305 | D:2      | Found a faded altar of an unknown god.
  1410 | D:2      | Reached XP level 4. HP: 20/40 MP: 4/4
  2371 | D:2      | HP: 1/41 [Crazy Yiuf (4)]
  2371 | D:2      | Slain by Crazy Yiuf

Illustrated notes

Levels and vault maps discovered:
D:1:      ldierk_water_garden, layout_loops_ring
D:2:      layout_loops_corners, shapermc_ecumenical_altar_mp_highgroup,
          uniq_terence, uniq_crazy_yiuf_cottage

Skill      XL: |  1  2  3 |
---------------+----------+-----
Axes           | 3 4 5 |  5.0
Fighting       | 4 |  4.6
Armour         | |  3.8
Shields        | |  3.2

Action                   |  1- 3 |  4- 6 || total
-------------------------+-------+-------++-------
Melee: War axe           |    76 |    62 ||   138
  Use: Potion            |     1 |       ||     1
       Scroll            |       |     1 ||     1
Armor: Scale mail        |    37 |       ||    37
       Chain mail        |     6 |    38 ||    44
Dodge: Dodged            |    24 |     9 ||    33
Block: Kite shield       |    49 |    22 ||    71
